 Dungeon Crawl Stone Soup version 0.27-a0-242-ge0fc76b88b (webtiles) character file.

Game seed: 3187435820255644156

121 tilp the Covert (level 5, -3/47 HPs)
             Began as a Gnoll Delver on Feb 2, 2021.
             Slain by a gnoll
             ... wielding a +0 spear
              (7 damage)
             ... on level 3 of the Dungeon.
             The game lasted 00:03:19 (1605 turns).

tilp the Covert (Gnoll Delver)                      Turns: 1605, Time: 00:03:21

Health: -3/47      AC:  3    Str: 12    XL:     5   Next: 5%
Magic:  6/6        EV: 11    Int: 10    God:
Gold:   73         SH:  7    Dex: 13    Spells: 6/6 levels left

rFire    . . .     SeeInvis .   a - +0 mace
rCold    . . .     Faith    .   l - +0 kite shield
rNeg     . . .     Spirit   .   b - +0 leather armour
rPois    .         Reflect  .   (no helmet)
rElec    .         Harm     .   (no cloak)
rCorr    .         Rampage  .   (no gloves)
Will     .....                  (no boots)
Stlth    ++++......             (no amulet)
HPRegen  0.15/turn              (no ring)
MPRegen  0.10/turn              (no ring)

@: no status effects
A: distributed training, fangs 1, strong nose
a: no special abilities


You were on level 3 of the Dungeon.
You visited 1 branch of the dungeon, and saw 3 of its levels.

You collected 73 gold pieces.

Inventory:

Hand Weapons
 a - a +0 mace (weapon)
 i - a +0 flail
Missiles
 h - 4 poisoned darts (quivered)
 j - 38 stones
 k - 12 arrows
Armour
 b - a +0 leather armour (worn)
 l - a +0 kite shield (worn)
Jewellery
 e - an uncursed ring of resist corrosion {unknown}
Wands
 g - a wand of digging (3)
Scrolls
 c - a scroll of fog
 d - a scroll of magic mapping
 m - a scroll of identify {unknown}
 n - a scroll of remove curse {unknown}
Potions
 f - a potion of haste


   Skills:
 + Level 6.6 Fighting
 + Level 1.3 Short Blades
 + Level 1.3 Long Blades
 + Level 1.3 Axes
 + Level 4.7 Maces & Flails
 + Level 1.3 Polearms
 + Level 1.3 Staves
 + Level 1.3 Slings
 + Level 1.3 Bows
 + Level 1.3 Crossbows
 + Level 1.3 Throwing
 + Level 1.3 Armour
 + Level 4.7 Dodging
 + Level 9.6 Stealth
 + Level 1.3 Shields
 + Level 1.3 Unarmed Combat
 + Level 1.3 Spellcasting
 + Level 1.0 Conjurations
 + Level 1.0 Hexes
 + Level 1.0 Summonings
 + Level 1.0 Necromancy
 + Level 1.0 Translocations
 + Level 1.0 Transmutations
 + Level 1.0 Fire Magic
 + Level 1.0 Ice Magic
 + Level 1.0 Air Magic
 + Level 1.0 Earth Magic
 + Level 1.0 Poison Magic
 + Level 1.4 Invocations
 + Level 1.3 Evocations


You had 6 spell levels left.
You didn't know any spells.
Your spell library was empty.

Dungeon Overview and Level Annotations

Branches:
Dungeon (5/15)
 Temple: D:4-7

Altars:

Shops:
D:4 ?

Annotations:
D:3 Ijyb


Innate Abilities, Weirdness & Mutations

Your experience applies equally to all skills.
You have very sharp teeth.
Your uncanny sense of smell can sniff out nearby items.


Message History

The gnoll closely misses you. The gnoll hits you with a +0 spear.
You closely miss the gnoll.
The gnoll is heavily wounded.
The gnoll hits you from afar with a +0 spear.
You block the gnoll's attack. The gnoll hits you with a +0 spear.
* * * LOW HITPOINT WARNING * * *
You block the gnoll's attack.
You completely miss the gnoll.
The gnoll is heavily wounded.
You block the gnoll's attack. The gnoll hits you.
* * * LOW HITPOINT WARNING * * *
The gnoll hits you from afar with a +0 spear.
* * * LOW HITPOINT WARNING * * *
You hit the gnoll but do no damage.
The gnoll is heavily wounded.
The gnoll barely misses you. The gnoll hits you.
* * * LOW HITPOINT WARNING * * *
The gnoll hits you but does no damage. You block the gnoll's attack.
The gnoll hits you with a +0 spear!
You die...

#..)).....
#.#.......
#.#...)...
#.#.......
#.####<### #####
#.# #.#
#...#######.####.#
#...g............#
#..@........######
#######.#g######.#
........#g# #.#
##########l# #.#
gg..g.g....# #.#
#########..# #.#
#..# #.# ...#
##.##


You could see 3 gnolls and a leopard gecko.

Vanquished Creatures
  A scorpion (D:3)
  A worker ant (D:4)
  2 adders
  2 oozes
  A worm (D:3)
  5 orcs
  A hobgoblin (D:3)
  5 jackals (D:4)
  A frilled lizard (D:3)
  A kobold (D:3)
20 creatures vanquished.

Vanquished Creatures (others)
  A fungus (D:3)
1 creature vanquished.

Grand Total: 21 creatures vanquished

Notes
Turn   | Place    | Note
-------+----------+-------------------------------------------
     0 | D:5      | Reached skill level 9 in Stealth
     0 | D:5      | tilp the Gnoll Delver began the quest for the Orb.
     0 | D:5      | Reached XP level 1. HP: 23/23 MP: 1/1
    35 | D:4      | Noticed a worker ant
   228 | D:4      | Noticed a scorpion
   425 | D:4      | Reached XP level 2. HP: 25/29 MP: 2/2
   614 | D:4      | Reached skill level 1 in Invocations
   614 | D:4      | Reached XP level 3. HP: 35/35 MP: 2/4
   681 | D:4      | Found Xegicza's Magic Scroll Shop.
   787 | D:3      | Reached skill level 1 in Short Blades
   787 | D:3      | Reached skill level 1 in Long Blades
   787 | D:3      | Reached skill level 1 in Axes
   787 | D:3      | Reached skill level 1 in Polearms
   787 | D:3      | Reached skill level 1 in Staves
   787 | D:3      | Reached skill level 1 in Slings
   787 | D:3      | Reached skill level 1 in Bows
   787 | D:3      | Reached skill level 1 in Crossbows
   787 | D:3      | Reached skill level 1 in Throwing
   787 | D:3      | Reached skill level 1 in Armour
   787 | D:3      | Reached skill level 1 in Shields
   787 | D:3      | Reached skill level 1 in Unarmed Combat
   787 | D:3      | Reached skill level 1 in Spellcasting
   787 | D:3      | Reached skill level 1 in Evocations
   935 | D:3      | Reached XP level 4. HP: 33/41 MP: 5/5
  1097 | D:3      | Reached skill level 1 in Conjurations
  1097 | D:3      | Reached skill level 1 in Hexes
  1097 | D:3      | Reached skill level 1 in Summonings
  1097 | D:3      | Reached skill level 1 in Necromancy
  1097 | D:3      | Reached skill level 1 in Translocations
  1097 | D:3      | Reached skill level 1 in Transmutations
  1097 | D:3      | Reached skill level 1 in Fire Magic
  1097 | D:3      | Reached skill level 1 in Ice Magic
  1097 | D:3      | Reached skill level 1 in Air Magic
  1097 | D:3      | Reached skill level 1 in Earth Magic
  1097 | D:3      | Reached skill level 1 in Poison Magic
  1426 | D:3      | Noticed Ijyb
  1572 | D:3      | Reached XP level 5. HP: 47/47 MP: 6/6
  1605 | D:3      | Slain by a gnoll

Illustrated notes

Levels and vault maps discovered:
D:3:      kennysheep_the_goblin_king, layout_loops_ring,
          uniq_crazy_yiuf_cottage, uniq_ijyb
D:4:      layout_basic, chequers_temple_overflow_minitemple, serial_shops,
          nicolae_shop_trees, uniq_grinder
D:5:      layout_basic

Skill      XL: |  1  2  3  4 |
---------------+-------------+-----
Stealth        | |  9.6
Invocations    | 1 |  1.4
Short Blades   | 1 |  1.3
Long Blades    | 1 |  1.3
Axes           | 1 |  1.3
Polearms       | 1 |  1.3
Staves         | 1 |  1.3
Slings         | 1 |  1.3
Bows           | 1 |  1.3
Crossbows      | 1 |  1.3
Throwing       | 1 |  1.3
Armour         | 1 |  1.3
Shields        | 1 |  1.3
Unarmed Combat | 1 |  1.3
Spellcasting   | 1 |  1.3
Evocations     | 1 |  1.3
Conjurations   | 1 |  1.0
Hexes          | 1 |  1.0
Summonings     | 1 |  1.0
Necromancy     | 1 |  1.0
Translocations | 1 |  1.0
Transmutations | 1 |  1.0
Fire Magic     | 1 |  1.0
Ice Magic      | 1 |  1.0
Air Magic      | 1 |  1.0
Earth Magic    | 1 |  1.0
Poison Magic   | 1 |  1.0
Fighting       | |  6.6
Maces & Flails | |  4.7
Dodging        | |  4.7

Action                   |  1- 3 |  4- 6 || total
-------------------------+-------+-------++-------
Melee: Mace              |    45 |    28 ||    73
       Bite              |     3 |     2 ||     5
Throw: Dart              |    12 |     4 ||    16
       Stone             |       |     1 ||     1
  Use: Scroll            |     1 |       ||     1
 Stab: Sleeping          |     3 |     2 ||     5
Armor: Leather armour    |     8 |     2 ||    10
Dodge: Dodged            |    36 |     6 ||    42
Block: Kite shield       |     5 |    13 ||    18

Table legend: (Time is in decaauts)
 A = Elapsed time spent in this place.
 B = Non-inter-level travel time spent in this place.
 C = Inter-level travel time spent in this place.
 D = Time resting spent in this place.
 E = Time spent auto-exploring this place.
 F = Levels seen in this place.
 G = Mean time per level.
                   A        B        C        D        E       F      G
               +--------+--------+--------+--------+--------+-----+--------+
         Total |   1637 |   1570 |     67 |    768 |    216 |   3 |  545.7 |
       Dungeon |   1637 |   1570 |     67 |    768 |    216 |   3 |  545.7 |
               +--------+--------+--------+--------+--------+-----+--------+

Top non-repeatable levels by time:
     D:3: 937 daAuts
     D:4: 471 daAuts
     D:5: 228 daAuts
